 Dungeon Crawl Stone Soup version 0.26-a0-28-gc929df5585 (webtiles) character file.

Game seed: 1649633113127941738, levelgen mode: deterministic

79 Maedhros the Sneak (level 4, 0/28 HPs)
             Began as an Octopode Artificer on May 28, 2020.
             Killed themself with a badly aimed iceblast (21 damage)
             ... on level 4 of the Dungeon.
             The game lasted 00:01:28 (256 turns).

Maedhros the Sneak (Octopode Artificer)              Turns: 256, Time: 00:01:29

Health: 0/28       AC:  1    Str: 11    XL:     4   Next: 38%
Magic:  6/6        EV: 13    Int: 13    God:
Gold:   21         SH:  0    Dex: 13    Spells: 3/3 levels left

rFire    . . .     SeeInvis .   a - +0 short sword
rCold    . . .     Gourm    .   (no shield)
rNeg     . . .     Faith    .   (helmet restricted)
rPois    .         Spirit   .   (no amulet)
rElec    .         Reflect  .   (no ring)
rCorr    .         Harm     .   (no ring)
MR       .....                  (no ring)
Stlth    +++.......             (no ring)
HPRegen  0.09/turn              (no ring)
MPRegen  0.10/turn              (no ring)
                                (no ring)
                                (no ring)

@: no status effects
A: almost no armour, stealthy swim, amphibious, 8 rings, constrict 8, camouflage
1, blurry vision 1, gelatinous body 1, evolution 1
a: no special abilities


You were on level 4 of the Dungeon.
You were not hungry.

You visited 1 branch of the dungeon, and saw 5 of its levels.

You collected 21 gold pieces.

Inventory:

Hand Weapons
 a - a +0 short sword (weapon)
Wands
 b - a wand of flame (13)
 c - a wand of enslavement (15)
 d - a wand of random effects (12)
Scrolls
 e - a scroll of random uselessness {unknown}
 g - 2 scrolls of teleportation {unknown}
 h - a scroll of remove curse {unknown}
 i - a scroll of immolation {unknown}
Comestibles
 f - 2 rations


   Skills:
 - Level 1.0 Fighting
 - Level 1.0 Short Blades
 - Level 2.0 Dodging
 - Level 4.0 Stealth
 + Level 2.8 Unarmed Combat
 - Level 3.2 Evocations


You had 3 spell levels left.
You didn't know any spells.
Your spell library was empty.

Dungeon Overview and Level Annotations

Branches:
Dungeon (5/15)
 Temple: D:4-7

Altars:
Sif Muna


Innate Abilities, Weirdness & Mutations

You cannot wear most types of armour.
You are very stealthy in the water. (Stealth+)
You are amphibious.
You can wear up to eight rings at the same time.
You can use your tentacles to constrict eight enemies at once.
Your skin changes colour to match your surroundings (Stealth+).
Your rubbery body absorbs attacks. (AC +1, EV +1)
Scrolls take you a little longer to read.
You evolve.


Message History

You closely miss the orc.
The orc shouts!
Your grab misses the orc. You hit the orc. You grab the orc.
The orc is heavily wounded.
You constrict the orc. The orc barely misses you.
An orc comes into view. It is wielding a +0 flail.
Evoke which item? (* to show all) (? for menu, Esc to quit)
Aiming: Random Effects
Press: ? - help, Shift-Dir - straight line, f - orc wizard
Aim: an orc wizard, wielding a +0 dagger and wearing a +2 robe of cold resistance The mass of ice explodes!
The iceblast engulfs the orc wizard!
The orc wizard partially resists.
You kill the orc wizard!
You have reached level 4!
The iceblast engulfs the orc!
You kill the orc!
The iceblast engulfs you!!
Ouch! That really hurt!
You die... .# .# .# .# .# .# #.###o# #.))@.# #..#### #o #

You could see 2 orcs.

Vanquished Creatures
  A howler monkey (D:5)
  An orc wizard (D:4)
  An ooze (D:2)
  An orc (D:4)
  A bat (D:1)
  A giant cockroach (D:1)
  A kobold (D:3)
  A quokka (D:2)
  A ball python (D:1)
  A goblin (D:1)
  A rat (D:3)
11 creatures vanquished.

Notes
Turn   | Place    | Note
-------+----------+-------------------------------------------
     0 | D:1      | Maedhros the Octopode Artificer began the quest for the
                  | Orb.
     0 | D:1      | Reached XP level 1. HP: 13/13 MP: 3/3
    40 | D:1      | Reached skill level 2 in Stealth
    80 | D:1      | You fall into a shaft and drop 1 floor!
   110 | D:2      | Reached skill level 3 in Stealth
   110 | D:2      | Reached XP level 2. HP: 1/18 MP: 4/4
   127 | D:2      | Found a shimmering blue altar of Sif Muna.
   135 | D:2      | Gained mutation: Scrolls take you a little longer to read.
                  | [potion of mutation]
   135 | D:2      | Gained mutation: You are dopey. (Int -2) [potion of
                  | mutation]
   135 | D:2      | Gained mutation: You evolve. [potion of mutation]
   135 | D:2      | Lost mutation: You are dopey. (Int -2) [potion of mutation]
   175 | D:5      | Entered Level 5 of the Dungeon
   222 | D:5      | Noticed a howler monkey
   231 | D:5      | Killed a howler monkey
   231 | D:5      | Reached skill level 4 in Stealth
   231 | D:5      | Reached XP level 3. HP: 15/23 MP: 5/5
   256 | D:4      | Reached XP level 4. HP: 21/28 MP: 6/6
   256 | D:4      | Killed themself with a badly aimed iceblast

Illustrated notes

Levels and vault maps discovered:
D:1:      matt_arrival_diagonals, layout_rooms
D:2:      layout_rooms, overflow_temple_1_default
D:3:      layout_basic, gup_sewer_entry_glass, minmay_misc_feat_plants,
          lemuel_tele_altar
D:4:      layout_loops_ring, first_ration, uniq_eustachio
D:5:      layout_layer_cave, temple_fountains, serial_glass, glass_columns_a,
          glass_columns_b, uniq_edmund

Skill      XL: |  1  2 |
---------------+-------+-----
Stealth        | 3 4 |  4.0
Unarmed Combat | 2 |  2.8
Fighting       | |  1.0
Short Blades   | |  1.0
Dodging        | |  2.0
Evocations     | |  3.2

Action                   |  1- 3 |  4- 6 || total
-------------------------+-------+-------++-------
Melee: Short sword       |    19 |       ||    19
       Constrict         |     6 |       ||     6
       Tentacles         |     5 |       ||     5
Evoke: Wand              |     5 |       ||     5
  Use: Potion            |     2 |       ||     2
 Stab: Sleeping          |     2 |       ||     2
       Paralysed         |     1 |       ||     1
Armor: Skin              |     3 |       ||     3
Dodge: Dodged            |    12 |       ||    12

Table legend:
 A = Non-vault XP
 B = Vault XP
 C = Vault XP percentage of total XP
 D = Non-vault monster count
 E = Vault monster count
 F = Vault count percentage of total count
                 A         B        C        D         E       F
            +---------+---------+-------+---------+---------+-------
      Total |     114 |       0 |   0.0 |      11 |       0 |   0.0
            +---------+---------+-------+---------+---------+-------
        D:1 |       6 |       0 |   0.0 |       4 |       0 |   0.0
        D:2 |       9 |       0 |   0.0 |       2 |       0 |   0.0
        D:3 |       3 |       0 |   0.0 |       2 |       0 |   0.0
        D:4 |      42 |       0 |   0.0 |       2 |       0 |   0.0
        D:5 |      54 |       0 |   0.0 |       1 |       0 |   0.0
            +---------+---------+-------+---------+---------+-------
